 Dungeon Crawl Stone Soup version 0.28.0-56-g4927b6849a (webtiles) character file.

Game seed: 13404046370754605017

50 cbfl8 the Chopper (level 3, -9/29 (34) HPs)
             Began as a Minotaur Berserker on Jan 26, 2023.
             Was a Believer of Trog.
             Killed by divine providence
             ... invoked by an orc priest
              (11 damage)
             ... on level 2 of the Dungeon.
             The game lasted 00:01:11 (1410 turns).

cbfl8 the Chopper (Minotaur Berserker)              Turns: 1410, Time: 00:01:12

HP:   -9/29 (34)    AC:  3    Str: 21    XL:     3   Next: 55%
MP:   2/2           EV: 12    Int:  4    God:    Trog [**....]
Gold: 22            SH:  5    Dex: 11    Spells: 2/2 levels left

rFire   . . .      SeeInvis .   a - +0 hand axe
rCold   . . .      Faith    .   (no shield)
rNeg    . . .      Spirit   .   b - +0 animal skin
rPois   .          Reflect  +   (helmet restricted)
rElec   .          Harm     .   (no cloak)
rCorr   .          Rampage  .   (no gloves)
Will    .....                   c - +0 pair of boots
Stlth   +.........              e - amulet of reflection
HPRegen 0.09/turn               (no ring)
MPRegen 0.08/turn               (no ring)

@: on berserk cooldown, slowed, heavily drained, very slow
A: horns 2, retaliatory headbutt
a: Renounce Religion, Berserk, Trog's Hand


You were on level 2 of the Dungeon.
You worshipped Trog.
Trog was pleased with you.
You visited 1 branch of the dungeon, and saw 2 of its levels.

You collected 22 gold pieces.

Inventory:

Hand Weapons
 a - a +0 hand axe (weapon)
Armour
 b - a +0 animal skin (worn)
 c - a +0 pair of boots (worn)
Jewellery
 e - an amulet of reflection (around neck)
Scrolls
 g - a scroll of holy word {unknown}
 i - a scroll of brand weapon {unknown}
 k - a scroll of identify {unknown}
Potions
 d - a potion of cancellation {unknown}
 f - a potion of attraction {unknown}
 h - a potion of lignification {unknown}


   Skills:
 + Level 4.3 Fighting
 + Level 4.5 Axes
 + Level 2.7 Armour
 + Level 2.6 Dodging
 + Level 0.1 Stealth


You had 2 spell levels left.
You didn't know any spells.
Your spell library was empty.

Dungeon Overview and Level Annotations

Branches:
Dungeon (2/15)

Altars:

Annotations:
D:2 Robin


Innate Abilities, Weirdness & Mutations

You have a pair of horns on your head.
You reflexively headbutt those who attack you in melee.


Message History

You hit the goblin. x2
You kill the goblin!
Trog accepts your kill.
The goblin hits you with a +1 dagger of draining.
You feel drained. The goblin hits you with a +0 club.
You block the goblin's attack. The goblin hits you with a +0 club.
The hobgoblin completely misses you.
You are too injured to fight recklessly!
Unknown command.
You are too injured to fight recklessly!
You block the goblin's attack. The goblin barely misses you.
The hobgoblin hits you.
* * * LOW HITPOINT WARNING * * *
You see here a +0 dagger.
The goblin unwields a +1 dagger of draining.
The goblin wields a +0 hunting sling.
The goblin shoots a stone.
You reflect the stone off an invisible shield around you!
The stone closely misses the goblin.
The stone barely misses the goblin.
The stone barely misses the orc priest.
The stone hits Robin.
The goblin hits you with a +0 club.
* * * LOW HITPOINT WARNING * * *
An orc wizard comes into view. It is wielding a +0 dagger.
The hobgoblin closely misses you. You furiously retaliate!
You headbutt the hobgoblin. The goblin hits you with a +0 club.
* * * LOW HITPOINT WARNING * * *
The orc shouts!
The hobgoblin no longer looks unusually strong.
The goblin closely misses you.
The goblin no longer looks unusually strong.
The hobgoblin no longer looks unusually strong.
The orc priest looks satisfied for a moment.
The goblin shoots a stone.
The stone misses you.
The hobgoblin hits you but does no damage.
Robin roars a battlecry!
The goblins go into a battle-frenzy!
The goblin hits you but does no damage.
The goblin no longer looks unusually strong.
The orc priest mumbles some strange prayers to Beogh against you.
Beogh smites you!
You die... #.... ....# #...g ....# # # ...o. ...##.#.# ggo

.........
#g####..# ...#
#o.....#.....
#.)†.))......
...##g.gg.##.....
.......g.@........
....######.##....#
... #.# #..# ##
###.# .#
######...##....
.......<.......#
.#####...##.....
#...# .... #...#
...


You could see Robin, an orc priest, an orc wizard, an orc, 3 hobgoblins and 3
goblins.

Vanquished Creatures
  A dart slug (D:1)
  5 bats
  4 endoplasms (D:1)
  4 giant cockroaches (D:1)
  6 goblins
  6 hobgoblins
  4 jackals (D:1)
  3 quokkas (D:1)
  2 ball pythons (D:1)
  2 frilled lizards (D:1)
  4 kobolds
  A rat (D:1)
42 creatures vanquished.

Notes
Turn   | Place    | Note
-------+----------+-------------------------------------------
     0 | D:1      | cbfl8 the Minotaur Berserker began the quest for the Orb.
     0 | D:1      | Reached XP level 1. HP: 19/19 MP: 0/0
   148 | D:1      | Reached XP level 2. HP: 27/27 MP: 1/1
   347 | D:1      | Found a faded altar of an unknown god.
   722 | D:1      | Reached XP level 3. HP: 25/33 MP: 2/2
   839 | D:1      | Reached ** piety under Trog
  1395 | D:2      | Noticed Robin
  1407 | D:2      | HP: 1/29 [goblin/+0 club[Robin] (3)]
  1410 | D:2      | Killed from afar by an orc priest

Illustrated notes

Levels and vault maps discovered:
D:1:      lightli_arrival_boilingwater, layout_loops_corners,
          ebering_ecumenical_altar_sacrificial, minmay_misc_feat_ornament
D:2:      layout_basic, uniq_robin, uniq_terence, uniq_sigmund

Skill      XL: |  1  2 |
---------------+-------+-----
Axes           | 4 |  4.5
Fighting       | 4 |  4.3
Armour         | |  2.7
Dodging        | |  2.6
Stealth        | |  0.1

Action                   || total
-------------------------++-------
Melee: Hand axe          ||    79
       Headbutt          ||     8
       Punch             ||     1
Invok: Berserk           ||     1
 Stab: Sleeping          ||     1
Armor: Animal skin       ||    18
Dodge: Dodged            ||    61
Block: Other             ||     5
       Reflection        ||     1
